Cogmind - Beta 17 @@@ ROGUE MODE // 2026.06.27 @ 21:45:40 Player: kite Result: Destroyed by D-53 Grenadier with Mini Grenade Launcher Performance ------------- Evolutions (0) 0 Regions Visited (2) 400 Robots Destroyed (29) 145 Value Destroyed (697) 697 Prototype IDs (0) 0 Alien Tech Used (0) 0 Bonus (0) 0 TOTAL SCORE: 1242 Bonus ------- None Cogmind --------- Core Integrity 0/250 Matter 290/300 Energy 80/100 System Corruption 0% Temperature Cool (0) Movement Treading (160) Location -10/Mines Parts ------- > --- POWER (1) -------- (None) > --- PROPULSION (2) --- Improved Treads > --- UTILITY (2) ------ Large Storage Unit > --- WEAPON (2) ------- Light Assault Rifle > --- INVENTORY (15) --- Ion Engine Light Ion Engine Improved Treads High-capacity Storage Unit Light Armor Plating Light Armor Plating Light Armor Plating Light Armor Plating Light Assault Rifle Light Assault Rifle Mace Mace Mace Mace Peak State ------------ > --- POWER ------------ Light Ion Engine > --- PROPULSION ------- Improved Treads Improved Treads > --- UTILITY ---------- Large Storage Unit Light Armor Plating > --- WEAPON ----------- Assault Rifle Light Assault Rifle > --- INVENTORY -------- Ion Engine Light Ion Engine Improved Treads Improved Treads High-capacity Storage Unit Light Armor Plating Light Armor Plating Light Armor Plating Light Armor Plating Light Assault Rifle Light Assault Rifle Grenade Launcher Mace Mace Mace [Rating: 11] Favorites ----------- Power Ion Engine Engine Ion Engine Propulsion Improved Treads Treads Improved Treads Leg Aluminum Leg Utility Large Storage Unit Storage Large Storage Unit Protection Light Armor Plating Weapon Light Assault Rifle Ballistic Gun Light Assault Rifle Launcher Grenade Launcher Build | -11 -10 -10 ------- Run | Yrd Mat Min Slots Evolved . | . . . Power . | . . . Propulsion . | . . . Utility . | . . . Weapon . | . . . Parts Attached 18 | 4 12 2 Power 2 | 1 1 . Engine 2 | 1 1 . Core . | . . . Reactor . | . . . Propulsion 7 | 2 4 1 Treads 5 | 2 2 1 Leg 2 | . 2 . Wheel . | . . . Hover . | . . . Flight . | . . . Utility 3 | 1 2 . Device . | . . . Storage 2 | 1 1 . Processor . | . . . Hackware . | . . . Protection 1 | . 1 . Artifact . | . . . Weapon 6 | . 5 1 Energy Gun . | . . . Energy Cannon . | . . . Ballistic Gun 5 | . 4 1 Ballistic Cannon . | . . . Launcher 1 | . 1 . Special Weapon . | . . . Impact Weapon . | . . . Slashing Weapon . | . . . Piercing Weapon . | . . . Special Melee Weapon . | . . . Unidentified Prototypes . | . . . Parts Lost 9 | . 3 6 Power 1 | . . 1 Propulsion 4 | . 2 2 Utility 1 | . . 1 Weapon 3 | . 1 2 Highest Loss Streak 3 | . 1 3 To Critical Strikes . | . . . Average Backups 8 | 1 6 14 Power 1 | . 1 2 Propulsion . | . . 2 Utility 2 | . 2 5 Weapon 3 | 1 2 5 Tool/Special . | . . . Unused Backups 14 | . 1 13 Power 2 | . . 2 Propulsion 1 | . . 1 Utility 5 | . . 5 Weapon 6 | . 1 5 Tool/Special . | . . . Average Slot Usage (%) 85 | . 87 80 Engine 10 | . 13 . Treads 19 | . 15 28 Leg 7 | . 10 . Storage 14 | . 14 14 Protection 6 | . 6 8 Ballistic Gun 26 | . 25 27 Peak Build Rating 11 | 4 11 11 Average Rating 7 | 3 6 9 On Entrance 5 | . 4 11 Avg Prop Armor Cover (%) 13 | . 13 . Naked Turns . | . . . Heaviest Build 31 | 10 30 31 Greatest Support 46 | 40 46 46 Greatest Overweight (x) 2 | . 2 . Average Overweight (x) . | . . . Largest Inventory Capacity 15 | 8 15 15 Average Capacity 14 | 7 14 15 Most Carried 15 | 4 15 15 Average Carried 8 | 2 6 14 Final Capacity 15 | 8 15 15 Final Carried 15 | 4 15 14 Class Distribution -------------------- 100% | Mutant Dominant Class ---------------- Mutant | -10/Materials Mutant | -10/Mines Resources | -11 -10 -10 ----------- Run | Yrd Mat Min Matter Collected 802 | 135 431 236 Remotely . | . . . Salvage Created 823 | . 714 109 Parts 50 | . 37 13 Haulers Intercepted . | . . . Recyclers Shooed 4 | . 3 1 Parts Field Recycled . | . . . Retrieved Matter . | . . . Parts Self-Destructed . | . . . Prevented . | . . . Parts Restored . | . . . Kills | -11 -10 -10 ------- Run | Yrd Mat Min Combat Hostiles Destroyed 24 | . 15 9 Guns 17 | . 13 4 AOE 7 | . 2 5 Classes Destroyed 6 | . 6 . Worker 1 | . 1 . Recycler 2 | . 2 . Operator 1 | . 1 . Watcher 1 | . 1 . Swarmer 9 | . 3 6 Grunt 15 | . 12 3 Best Kill Streak 6 | . 3 6 Combat Bots Only 6 | . 3 6 Max Kills in Single Turn 1 | . 1 1 Gunslinging . | . . . Exploded 1 | . 1 1 Melee . | . . . Uniques/NPCs Destroyed . | . . . Combat | -11 -10 -10 -------- Run | Yrd Mat Min Hostile Shots Fired 164 | . 93 71 Missed 44 | . 25 19 Hits 120 | . 68 52 Projectile 120 | . 68 52 AOE 8 | . . 8 Damage Taken 1603 | . 771 832 Core 277 | . 128 149 Absorbed by Shields . | . . . Core Remaining (%) 100 | 100 . . Volleys Fired 125 | . 101 24 Largest 2 | . 2 2 Hottest 40 | . 40 40 Shots Fired 231 | . 197 34 Gun 214 | . 194 20 Cannon . | . . . Launcher 17 | . 3 14 Special . | . . . Kinetic 214 | . 194 20 Thermal . | . . . Explosive 17 | . 3 14 Electromagnetic . | . . . Robot Hit Streak 15 | . 15 10 Robot Miss Streak 4 | . 4 3 Penetration Max . | . . . Secondary Targets 2 | . 1 1 Max Gunslinging Chain 1 | . 1 1 Shots Hit Robots 151 | . 134 17 Core Hits 70 | . 45 25 Critical Kills . | . . . Critical Parts Destroyed 1 | . 1 . Critical Strikes 1 | . 1 . Destroy 1 | . 1 . Melee Attacks . | . . . Impact . | . . . Slashing . | . . . Piercing . | . . . Sneak Attacks . | . . . Combat Hostiles . | . . . Follow-up Attacks . | . . . Damage Inflicted 2158 | . 1298 860 Guns 1222 | . 1105 117 Cannons . | . . . Explosions 936 | . 193 743 Melee . | . . . Ramming . | . . . Kinetic 1222 | . 1105 117 Thermal . | . . . Explosive 936 | . 193 743 Electromagnetic . | . . . Impact . | . . . Slashing . | . . . Piercing . | . . . Highest Corruption . | . . . Average Corruption . | . . . Corruption Purged . | . . . Corruption Blocked . | . . . Overload Shots . | . . . Overflow Damage 2 | . . 2 Projectiles . | . . . Explosions 2 | . . 2 Melee . | . . . Knockbacks . | . . . Impact . | . . . Kinetic . | . . . Secondary . | . . . Self-Inflicted Damage 35 | . . 35 Shots 1 | . . 1 Rammed . | . . . Targets Rammed . | . . . Kicked . | . . . Crushed . | . . . Highest Temperature 58 | . 25 58 Average Temperature 13 | . 7 32 Received Heat Transfer 591 | . 384 207 Siege Activations . | . . . Martial Activations . | . . . Shielding Activations . | . . . Robots Disrupted . | . . . Combat Hostiles . | . . . Robots Corrupted . | . . . Combat Hostiles . | . . . Parts Fried . | . . . Impact Corruptions . | . . . Robots Melted . | . . . Combat Hostiles . | . . . Parts Melted . | . . . Heat Transferred . | . . . Parts Sabotaged . | . . . Parts Stolen . | . . . Parts Stripped . | . . . Power Chain Reactions . | . . . Alert | -11 -10 -10 ------- Run | Yrd Mat Min Maximum Alert Level . | . . . Low Security (%) 100 | 100 100 100 Level 1 . | . . . Level 2 . | . . . Level 3 . | . . . Level 4 . | . . . Level 5 . | . . . High Security . | . . . Max Security . | . . . Peak Influence 160 | . 95 160 Initial 14 | . . 14 Average 40 | . 33 63 Influence Increases 725 | . 469 256 Destroy 0b10 Robot/C 480 | . 300 180 Destroy 0b10 Robot/NC 25 | . 25 . Destroy Leader 112 | . 82 30 Destroy Structure 63 | . 17 46 Lose Combat Pursuer 45 | . 45 . Influence Decreases 725 | . 432 293 Entered New Map 23 | . . 23 Time Decay 652 | . 402 250 Lost Part 50 | . 30 20 Squads Dispatched 4 | . 4 . Investigation 2 | . 2 . Extermination . | . . . Reinforcement 2 | . 2 . Assault . | . . . Garrison . | . . . Intercept . | . . . Searches Triggered . | . . . Construction Impeded . | . . . Haulers Reinforced . | . . . Active Scanning Responses . | . . . Cargo Convoy Interrupts . | . . . Stealth | -11 -10 -10 --------- Run | Yrd Mat Min Distress Signals 2 | . 2 . Communications Jammed . | . . . Distress Signals . | . . . Times Spotted 44 | . 32 12 Peak Tracking Total 5 | . 4 5 Tactical Retreats 3 | . 3 . Traps | -11 -10 -10 ------- Run | Yrd Mat Min Traps Triggered 2 | . 2 . Indirectly . | . . . Trap Hack Attempts . | . . . Triggered . | . . . Disarmed . | . . . Reprogrammed . | . . . Reused . | . . . Traps Extracted . | . . . Installed . | . . . Triggered . | . . . Machines | -11 -10 -10 ---------- Run | Yrd Mat Min Machines Disabled . | . . . Max in Single Turn . | . . . Machines Repaired . | . . . Machines Dismantled . | . . . Machines Sabotaged . | . . . Overloaded Fab Kills . | . . . Hacking | -11 -10 -10 --------- Run | Yrd Mat Min Machines Accessed 5 | . 4 1 Terminals 4 | . 4 . Fabricators . | . . . Repair Stations . | . . . Recycling Units . | . . . Scanalyzers . | . . . Garrison Access . | . . . Total Hacks 10 | . 9 1 Successful 2 | . 1 1 Failed 8 | . 8 . Catastrophic 4 | . 4 . Database Lockouts . | . . . Manual 9 | . 9 . Terminals 9 | . 9 . Fabricators . | . . . Repair Stations . | . . . Recycling Units . | . . . Scanalyzers . | . . . Garrison Access . | . . . Terminal Hacks 1 | . . 1 Open Door 1 | . . 1 Fabricator Hacks . | . . . Repair Station Hacks . | . . . Recycling Unit Hacks . | . . . Scanalyzer . | . . . Garrison Access Hacks . | . . . Unauthorized Hacks 1 | . 1 . Terminals 1 | . 1 . Botnet 1 | . 1 . Fabricators . | . . . Repair Stations . | . . . Recycling Units . | . . . Scanalyzers . | . . . Garrison Access . | . . . Data Cores Recovered . | . . . Used . | . . . Hacking Detections 4 | . 4 . Full Trace Events 1 | . 1 . Feedback Events . | . . . Feedback Blocked . | . . . Robot Schematics Acquired . | . . . Robots Built . | . . . Authchips . | . . . Time . | . . . Total Robot Build Rating . | . . . Part Schematics Acquired . | . . . Parts Built . | . . . Authchips . | . . . Time . | . . . Total Part Build Rating . | . . . Part Studies Acquired . | . . . Parts Repaired . | . . . Time . | . . . Parts Recycled . | . . . Recycled Matter . | . . . Retrieved Matter . | . . . Retrieved Components . | . . . Parts Scanalyzed . | . . . Part Schematics Acquired . | . . . Parts Damaged . | . . . Bothacking | -11 -10 -10 ------------ Run | Yrd Mat Min Used RIF Installer . | . . . Robots Hacked . | . . . Non-combat . | . . . Combat . | . . . Robot Hacks Applied . | . . . Relay Couplers Released . | . . . Fabnet Peak Effective % . | . . . Robots Rewired . | . . . Allies Hacked . | . . . Hacks Repelled . | . . . Allies | -11 -10 -10 -------- Run | Yrd Mat Min Total Allies . | . . . Largest Group . | . . . Highest-Rated Group . | . . . Highest-Rated Ally . | . . . Total Orders . | . . . Ally Attacks . | . . . Total Damage . | . . . Kills . | . . . Allies Corrupted . | . . . Allies Melted . | . . . Intel | -11 -10 -10 ------- Run | Yrd Mat Min Active Infowar (turns) . | . . . Robot Analysis Total . | . . . Derelict Logs Recovered 1 | . . 1 Drone Launches . | . . . Drone Recoveries . | . . . Exploration | -11 -10 -10 ------------- Run | Yrd Mat Min Turns Passed 2128 | 75 1465 588 Spaces Moved 953 | 42 581 330 Core 1 | 1 . . Treads 686 | 41 315 330 Legs 266 | . 266 . Wheels . | . . . Hover . | . . . Flight . | . . . Fastest Speed 50 | 50 160 160 Average Speed 177 | 157 189 160 Slowest Speed 260 | 160 260 160 Overloaded Moves . | . . . Propulsion Burnouts . | . . . Robots Hopped . | . . . Potential Cave-ins . | . . . Cave-ins Triggered . | . . . Exploration Rate (%) 60 | 4 94 84 Regions Visited 2 Branch Regions 1 Pre-discovered Areas 1 | . . 1 Known Exits Taken . | . . . Unknown Exits Taken 2 | 1 1 . Scrap Searched 3 | . . 3 Spaces Dug . | . . . Terrain Destroyed 77 | . 21 56 Melee . | . . . Projectile . | . . . AOE 77 | . 21 56 Terrain Rammed . | . . . Walls Destroyed . | . . . Machines Disabled . | . . . Actions | -11 -10 -10 --------- Run | Yrd Mat Min Total 1192 | 49 785 358 Wait 65 | . 65 . Move 951 | 41 580 330 Hop . | . . . Pick Up 21 | 4 16 1 Fast Attach 13 | 4 9 . Attach 5 | . 3 2 Detach . | . . . Swap 4 | . 3 1 Drop 8 | . 8 . Fire 125 | . 101 24 Melee . | . . . Ram . | . . . Kick . | . . . Crush . | . . . Escape Stasis . | . . . Rewire . | . . . Trap . | . . . Miscellaneous . | . . . Route ------- -11/Scrapyard -10/Materials (discovered 4 exits: [*Mat x3] / *Min) -10/Mines (discovered 2 exits: [*Mat] / [*Exi]) History --------- Turn | Location | Event 7 | -11/Scrapyard | Discovered new exit (range 15) 76 | -11/Scrapyard | Entered Materials 305 | -10/Materials | Build established: Mutant 346 | -10/Materials | Discovered new exit (range 7) 699 | -10/Materials | Discovered new exit (range 15) 1071 | -10/Materials | Discovered new exit (range 10) 1314 | -10/Materials | Discovered new exit (range 12) 1508 | -10/Materials | Core integrity fell below 50% 1541 | -10/Materials | Entered Mines 1796 | -10/Mines | Deemed a non-threat by the Exiles lab entrance 1796 | -10/Mines | Discovered new exit (range 5) 1906 | -10/Mines | Met a Derelict who couldn't figure out how to use a Trap Extractor 2117 | -10/Mines | Assembled infested the area 2123 | -10/Mines | Discovered new exit (range 7) 2125 | -10/Mines | Core integrity fell below 20% 2129 | -10/Mines | Destroyed by D-53 Grenadier with Mini Grenade Launcher Last Messages --------------- 01947_ S-10 Pest destroyed. 01947_ Switching to secondary target: S-10 Pest. 01953_ S-10 Pest destroyed. 01957_ Acquired 12 matter. 01958_ Acquired 11 matter. 01973_ Acquired 18 matter. 01978_ Acquired Lgt. Assault Rifle. 01983_ Acquired 31 matter. 02062_ Extracted 35 matter. 02117_ ALERT: Infestation in the mines, dispatching Demolisher response squad. 02123_ C-45 Heavy ARC bursts open, deploying its payload. 02123_ D-53 Grenadier unfolds itself. 02123_ EXIT=FOUND 02123_ Assault Rifle destroyed. 02124_ The unstable cave ceiling collapses. 02124_ Imp. Treads destroyed. 02124_ Core Extractor disabled. 02128_ Imp. Treads destroyed. Map ----- +----------------------------------------------------+ | | | | | | | | | | | | | ?????????????????????????????????????????????????? | | ?????????????????????????????????????????????????? | | ?????????????????????????????????????????????????? | | ?????????????????????????????????????????????????? | | ?????????????????????????????????????????????????? | | ?????????????????????????????????????????????????? | | ?????????????????????????????????????????????????? | | ??????????????????????????????????? ?????????????? | | ####??????????????????????????????""?????????????? | | # ##???????????????????????????? ""?????????????? | | ##?????????????????????????? "??????????????? | | #????????##############??? ???????????????? | | #???????## ## ## #### ????????????????? | | #????????# # #?????????????????? | | #???????## ##????????????????? | | ##???#### ##???????????????? | | #??## ### d #???????????????? | | #??# ##?### d####?????????????? | | ##### ##????# #?????????????? | | ## #?????# @ #?????????????? | | !! ## #?????# "" #?????????????? | | !! ### #?????# < """ #?????????????? | | !! #?## #?????## """ #?????????????? | | # !! #??# ##??????### #?????????????? | | # #### ##????????# """ """ #???"?????????? | | ## #????????# """ """ #??? ?????????? | | #????????# """ """ #??? ?????????? | | ### ##### ##????????# #??# ?????????? | | ##?# #???###?????????# """ """ #### #????????? | | #??# #???????????????# """ """ # # #????????? | | #??# #???????????????# """ """ # #####????? | | ##??# #???????????????# ? ## # ####?? | | ##???# #???????????????????? # ##? | | ?????# #??????????????????????# # # # #? | | ?????# #?????????????????????## ## #? | | ?????# #?????????????????????# ## ## #? | | ?????# #?????????????????????## #?????? | | ?????# #???????????????????### #?????? | | ?????# ####????????????????# # #?????? | | ?????# #????????????????# ##?????? | | ?????#### #???????????????## # ### ##?????? | | ???????## #############???# # ###### #?????? | | #?????## ######?# #?????? | | ###??## ???????# ## ##?????? | +----------------------------------------------------+ Best States ------------- Heat Dissipation 25 Energy Generation 10 Energy Capacity 250 Matter Stores 300 Matter Capacity 300 Sight Range 16 Terrain Scan Density 10 Armor Coverage 150 Evasion (%) 40 Recoil Reduction 2 Item Schematics ----------------- None Robot Schematics ------------------ None Fabricated ------------ Nothing Repaired ---------- Nothing Studied --------- None Alien Tech Used ----------------- None Achievements -------------- None Challenges ------------ None Game ------ Seed RingIntegratedJoltstriker Manual? 0 Play Time 00:08:57 Cumulative 402.2 hours Start 2026.06.27 @ 21:38:36 End 2026.06.27 @ 21:45:40 Sessions 1 Manual Loads 0 Difficulty Rogue Special Mode None Game No. 372 Rogue 372 Adventurer 0 Explorer 0 Win Type - Total 9 Types 6/0/2/0/0/0/0/0/0/1 Lore% 60 Gallery% 67 Achievement% 63 Wizard Run 0 Options --------- Layout 1 ASCII 0 Keyboard 0 Movement Mouse Keybinds 0 Fullscreen 2 Font 24/Smallcaps Map View 50x35 Zoom Use 45% Tactical HUD 1 Map Filters NONE Filters NONE Steam 1 RUN: 93a1b50b-01d3-4dd0-beff-6772a6795a9a